Workbook

Sheet Summary
A1: Landscaping Customer Profitability Summary
A2: Completed-job revenue, direct service cost, profit, and margin for fictional customers.
A3: Active customers | B3: =COUNTIF(Customers!$F$5:$F$104,"Active") | D3: Completed jobs | E3: =COUNTIF('Service Log'!$O$5:$O$104,"Completed") | G3: Completed revenue | H3: =IF($E$3=0,"",SUMIF('Service Log'!$O$5:$O$104,"Completed",'Service Log'!$N$5:$N$104))
A5: Completed service cost | B5: =IF($E$3=0,"",SUMIF('Service Log'!$O$5:$O$104,"Completed",'Service Log'!$S$5:$S$104)) | D5: Completed profit | E5: =IF($E$3=0,"",$H$3-$B$5) | G5: Overall margin | H5: =IF($E$3=0,"",IFERROR($E$5/$H$3,""))
A7: Average profit per completed job | B7: =IF($E$3=0,"",IFERROR($E$5/$E$3,"")) | D7: Customers needing review | E7: =COUNTIF($I$11:$I$110,"Review*")
A10: Customer ID | B10: Customer Name | C10: Property | D10: Completed Jobs | E10: Revenue | F10: Service Cost | G10: Profit | H10: Margin | I10: Review
A11: =IF(Customers!A5="","",Customers!A5) | B11: =IF($A11="","",Customers!B5) | C11: =IF($A11="","",Customers!C5) | D11: =IF($A11="","",COUNTIFS('Service Log'!$C$5:$C$104,$A11,'Service Log'!$O$5:$O$104,"Completed")) | E11: =IF($A11="","",IF($D11=0,"",SUMIFS('Service Log'!$N$5:$N$104,'Service Log'!$C$5:$C$104,$A11,'Service Log'!$O$5:$O$104,"Completed"))) | F11: =IF($A11="","",IF($D11=0,"",SUMIFS('Service Log'!$S$5:$S$104,'Service Log'!$C$5:$C$104,$A11,'Service Log'!$O$5:$O$104,"Completed"))) | G11: =IF(OR($A11="",$D11=0),"",$E11-$F11) | H11: =IF(OR($A11="",$D11=0),"",IFERROR($G11/$E11,"")) | I11: =IF($A11="","",IF($D11=0,"No completed jobs",IF($H11="","Review revenue",IF($H11<Assumptions!$E$3,"Review margin",""))))
A12: =IF(Customers!A6="","",Customers!A6) | B12: =IF($A12="","",Customers!B6) | C12: =IF($A12="","",Customers!C6) | D12: =IF($A12="","",COUNTIFS('Service Log'!$C$5:$C$104,$A12,'Service Log'!$O$5:$O$104,"Completed")) | E12: =IF($A12="","",IF($D12=0,"",SUMIFS('Service Log'!$N$5:$N$104,'Service Log'!$C$5:$C$104,$A12,'Service Log'!$O$5:$O$104,"Completed"))) | F12: =IF($A12="","",IF($D12=0,"",SUMIFS('Service Log'!$S$5:$S$104,'Service Log'!$C$5:$C$104,$A12,'Service Log'!$O$5:$O$104,"Completed"))) | G12: =IF(OR($A12="",$D12=0),"",$E12-$F12) | H12: =IF(OR($A12="",$D12=0),"",IFERROR($G12/$E12,"")) | I12: =IF($A12="","",IF($D12=0,"No completed jobs",IF($H12="","Review revenue",IF($H12<Assumptions!$E$3,"Review margin",""))))
A13: =IF(Customers!A7="","",Customers!A7) | B13: =IF($A13="","",Customers!B7) | C13: =IF($A13="","",Customers!C7) | D13: =IF($A13="","",COUNTIFS('Service Log'!$C$5:$C$104,$A13,'Service Log'!$O$5:$O$104,"Completed")) | E13: =IF($A13="","",IF($D13=0,"",SUMIFS('Service Log'!$N$5:$N$104,'Service Log'!$C$5:$C$104,$A13,'Service Log'!$O$5:$O$104,"Completed"))) | F13: =IF($A13="","",IF($D13=0,"",SUMIFS('Service Log'!$S$5:$S$104,'Service Log'!$C$5:$C$104,$A13,'Service Log'!$O$5:$O$104,"Completed"))) | G13: =IF(OR($A13="",$D13=0),"",$E13-$F13) | H13: =IF(OR($A13="",$D13=0),"",IFERROR($G13/$E13,"")) | I13: =IF($A13="","",IF($D13=0,"No completed jobs",IF($H13="","Review revenue",IF($H13<Assumptions!$E$3,"Review margin",""))))
A14: =IF(Customers!A8="","",Customers!A8) | B14: =IF($A14="","",Customers!B8) | C14: =IF($A14="","",Customers!C8) | D14: =IF($A14="","",COUNTIFS('Service Log'!$C$5:$C$104,$A14,'Service Log'!$O$5:$O$104,"Completed")) | E14: =IF($A14="","",IF($D14=0,"",SUMIFS('Service Log'!$N$5:$N$104,'Service Log'!$C$5:$C$104,$A14,'Service Log'!$O$5:$O$104,"Completed"))) | F14: =IF($A14="","",IF($D14=0,"",SUMIFS('Service Log'!$S$5:$S$104,'Service Log'!$C$5:$C$104,$A14,'Service Log'!$O$5:$O$104,"Completed"))) | G14: =IF(OR($A14="",$D14=0),"",$E14-$F14) | H14: =IF(OR($A14="",$D14=0),"",IFERROR($G14/$E14,"")) | I14: =IF($A14="","",IF($D14=0,"No completed jobs",IF($H14="","Review revenue",IF($H14<Assumptions!$E$3,"Review margin",""))))
A15: =IF(Customers!A9="","",Customers!A9) | B15: =IF($A15="","",Customers!B9) | C15: =IF($A15="","",Customers!C9) | D15: =IF($A15="","",COUNTIFS('Service Log'!$C$5:$C$104,$A15,'Service Log'!$O$5:$O$104,"Completed")) | E15: =IF($A15="","",IF($D15=0,"",SUMIFS('Service Log'!$N$5:$N$104,'Service Log'!$C$5:$C$104,$A15,'Service Log'!$O$5:$O$104,"Completed"))) | F15: =IF($A15="","",IF($D15=0,"",SUMIFS('Service Log'!$S$5:$S$104,'Service Log'!$C$5:$C$104,$A15,'Service Log'!$O$5:$O$104,"Completed"))) | G15: =IF(OR($A15="",$D15=0),"",$E15-$F15) | H15: =IF(OR($A15="",$D15=0),"",IFERROR($G15/$E15,"")) | I15: =IF($A15="","",IF($D15=0,"No completed jobs",IF($H15="","Review revenue",IF($H15<Assumptions!$E$3,"Review margin",""))))
A16: =IF(Customers!A10="","",Customers!A10) | B16: =IF($A16="","",Customers!B10) | C16: =IF($A16="","",Customers!C10) | D16: =IF($A16="","",COUNTIFS('Service Log'!$C$5:$C$104,$A16,'Service Log'!$O$5:$O$104,"Completed")) | E16: =IF($A16="","",IF($D16=0,"",SUMIFS('Service Log'!$N$5:$N$104,'Service Log'!$C$5:$C$104,$A16,'Service Log'!$O$5:$O$104,"Completed"))) | F16: =IF($A16="","",IF($D16=0,"",SUMIFS('Service Log'!$S$5:$S$104,'Service Log'!$C$5:$C$104,$A16,'Service Log'!$O$5:$O$104,"Completed"))) | G16: =IF(OR($A16="",$D16=0),"",$E16-$F16) | H16: =IF(OR($A16="",$D16=0),"",IFERROR($G16/$E16,"")) | I16: =IF($A16="","",IF($D16=0,"No completed jobs",IF($H16="","Review revenue",IF($H16<Assumptions!$E$3,"Review margin",""))))
A17: =IF(Customers!A11="","",Customers!A11) | B17: =IF($A17="","",Customers!B11) | C17: =IF($A17="","",Customers!C11) | D17: =IF($A17="","",COUNTIFS('Service Log'!$C$5:$C$104,$A17,'Service Log'!$O$5:$O$104,"Completed")) | E17: =IF($A17="","",IF($D17=0,"",SUMIFS('Service Log'!$N$5:$N$104,'Service Log'!$C$5:$C$104,$A17,'Service Log'!$O$5:$O$104,"Completed"))) | F17: =IF($A17="","",IF($D17=0,"",SUMIFS('Service Log'!$S$5:$S$104,'Service Log'!$C$5:$C$104,$A17,'Service Log'!$O$5:$O$104,"Completed"))) | G17: =IF(OR($A17="",$D17=0),"",$E17-$F17) | H17: =IF(OR($A17="",$D17=0),"",IFERROR($G17/$E17,"")) | I17: =IF($A17="","",IF($D17=0,"No completed jobs",IF($H17="","Review revenue",IF($H17<Assumptions!$E$3,"Review margin",""))))
A18: =IF(Customers!A12="","",Customers!A12) | B18: =IF($A18="","",Customers!B12) | C18: =IF($A18="","",Customers!C12) | D18: =IF($A18="","",COUNTIFS('Service Log'!$C$5:$C$104,$A18,'Service Log'!$O$5:$O$104,"Completed")) | E18: =IF($A18="","",IF($D18=0,"",SUMIFS('Service Log'!$N$5:$N$104,'Service Log'!$C$5:$C$104,$A18,'Service Log'!$O$5:$O$104,"Completed"))) | F18: =IF($A18="","",IF($D18=0,"",SUMIFS('Service Log'!$S$5:$S$104,'Service Log'!$C$5:$C$104,$A18,'Service Log'!$O$5:$O$104,"Completed"))) | G18: =IF(OR($A18="",$D18=0),"",$E18-$F18) | H18: =IF(OR($A18="",$D18=0),"",IFERROR($G18/$E18,"")) | I18: =IF($A18="","",IF($D18=0,"No completed jobs",IF($H18="","Review revenue",IF($H18<Assumptions!$E$3,"Review margin",""))))
A19: =IF(Customers!A13="","",Customers!A13) | B19: =IF($A19="","",Customers!B13) | C19: =IF($A19="","",Customers!C13) | D19: =IF($A19="","",COUNTIFS('Service Log'!$C$5:$C$104,$A19,'Service Log'!$O$5:$O$104,"Completed")) | E19: =IF($A19="","",IF($D19=0,"",SUMIFS('Service Log'!$N$5:$N$104,'Service Log'!$C$5:$C$104,$A19,'Service Log'!$O$5:$O$104,"Completed"))) | F19: =IF($A19="","",IF($D19=0,"",SUMIFS('Service Log'!$S$5:$S$104,'Service Log'!$C$5:$C$104,$A19,'Service Log'!$O$5:$O$104,"Completed"))) | G19: =IF(OR($A19="",$D19=0),"",$E19-$F19) | H19: =IF(OR($A19="",$D19=0),"",IFERROR($G19/$E19,"")) | I19: =IF($A19="","",IF($D19=0,"No completed jobs",IF($H19="","Review revenue",IF($H19<Assumptions!$E$3,"Review margin",""))))
A20: =IF(Customers!A14="","",Customers!A14) | B20: =IF($A20="","",Customers!B14) | C20: =IF($A20="","",Customers!C14) | D20: =IF($A20="","",COUNTIFS('Service Log'!$C$5:$C$104,$A20,'Service Log'!$O$5:$O$104,"Completed")) | E20: =IF($A20="","",IF($D20=0,"",SUMIFS('Service Log'!$N$5:$N$104,'Service Log'!$C$5:$C$104,$A20,'Service Log'!$O$5:$O$104,"Completed"))) | F20: =IF($A20="","",IF($D20=0,"",SUMIFS('Service Log'!$S$5:$S$104,'Service Log'!$C$5:$C$104,$A20,'Service Log'!$O$5:$O$104,"Completed"))) | G20: =IF(OR($A20="",$D20=0),"",$E20-$F20) | H20: =IF(OR($A20="",$D20=0),"",IFERROR($G20/$E20,"")) | I20: =IF($A20="","",IF($D20=0,"No completed jobs",IF($H20="","Review revenue",IF($H20<Assumptions!$E$3,"Review margin",""))))
A21: =IF(Customers!A15="","",Customers!A15) | B21: =IF($A21="","",Customers!B15) | C21: =IF($A21="","",Customers!C15) | D21: =IF($A21="","",COUNTIFS('Service Log'!$C$5:$C$104,$A21,'Service Log'!$O$5:$O$104,"Completed")) | E21: =IF($A21="","",IF($D21=0,"",SUMIFS('Service Log'!$N$5:$N$104,'Service Log'!$C$5:$C$104,$A21,'Service Log'!$O$5:$O$104,"Completed"))) | F21: =IF($A21="","",IF($D21=0,"",SUMIFS('Service Log'!$S$5:$S$104,'Service Log'!$C$5:$C$104,$A21,'Service Log'!$O$5:$O$104,"Completed"))) | G21: =IF(OR($A21="",$D21=0),"",$E21-$F21) | H21: =IF(OR($A21="",$D21=0),"",IFERROR($G21/$E21,"")) | I21: =IF($A21="","",IF($D21=0,"No completed jobs",IF($H21="","Review revenue",IF($H21<Assumptions!$E$3,"Review margin",""))))
A22: =IF(Customers!A16="","",Customers!A16) | B22: =IF($A22="","",Customers!B16) | C22: =IF($A22="","",Customers!C16) | D22: =IF($A22="","",COUNTIFS('Service Log'!$C$5:$C$104,$A22,'Service Log'!$O$5:$O$104,"Completed")) | E22: =IF($A22="","",IF($D22=0,"",SUMIFS('Service Log'!$N$5:$N$104,'Service Log'!$C$5:$C$104,$A22,'Service Log'!$O$5:$O$104,"Completed"))) | F22: =IF($A22="","",IF($D22=0,"",SUMIFS('Service Log'!$S$5:$S$104,'Service Log'!$C$5:$C$104,$A22,'Service Log'!$O$5:$O$104,"Completed"))) | G22: =IF(OR($A22="",$D22=0),"",$E22-$F22) | H22: =IF(OR($A22="",$D22=0),"",IFERROR($G22/$E22,"")) | I22: =IF($A22="","",IF($D22=0,"No completed jobs",IF($H22="","Review revenue",IF($H22<Assumptions!$E$3,"Review margin",""))))
... A110: =IF(Customers!A104="","",Customers!A104) | B110: =IF($A110="","",Customers!B104) | C110: =IF($A110="","",Customers!C104) | D110: =IF($A110="","",COUNTIFS('Service Log'!$C$5:$C$104,$A110,'Service Log'!$O$5:$O$104,"Completed")) | E110: =IF($A110="","",IF($D110=0,"",SUMIFS('Service Log'!$N$5:$N$104,'Service Log'!$C$5:$C$104,$A110,'Service Log'!$O$5:$O$104,"Completed"))) | F110: =IF($A110="","",IF($D110=0,"",SUMIFS('Service Log'!$S$5:$S$104,'Service Log'!$C$5:$C$104,$A110,'Service Log'!$O$5:$O$104,"Completed"))) | G110: =IF(OR($A110="",$D110=0),"",$E110-$F110) | H110: =IF(OR($A110="",$D110=0),"",IFERROR($G110/$E110,"")) | I110: =IF($A110="","",IF($D110=0,"No completed jobs",IF($H110="","Review revenue",IF($H110<Assumptions!$E$3,"Review margin",""))))

Sheet Service Log
A1: Landscaping Service Profitability Log
A2: Enter job facts in yellow cells; completed jobs drive the profitability calculations.
A4: Service Date | B4: Job ID | C4: Customer ID | D4: Service Type | E4: Crew | F4: Equipment | G4: Quantity | H4: Unit | I4: Labor Hours | J4: Equipment Hours | K4: Material Cost | L4: Travel Miles | M4: Other Direct Cost | N4: Revenue | O4: Status | P4: Labor Cost | Q4: Equipment Cost | R4: Travel Cost | S4: Total Service Cost | T4: Profit | U4: Margin | V4: Review
A5: 46211 | B5: JOB-26-001 | C5: CUST-001 | D5: Mulch Installation | E5: Juniper Crew | F5: Compact loader | G5: 8 | H5: cubic yards | I5: 12 | J5: 3 | K5: 520 | L5: 14 | M5: 25 | N5: 1450 | O5: Completed | P5: =IF(OR($B5="",$E5="",$I5=""),"",IFERROR($I5*VLOOKUP($E5,Assumptions!$D$6:$E$105,2,FALSE),"")) | Q5: =IF(OR($B5="",$F5="",$J5=""),"",IFERROR($J5*VLOOKUP($F5,Assumptions!$G$6:$H$105,2,FALSE),"")) | R5: =IF(OR($B5="",$L5=""),"",IFERROR($L5*Assumptions!$B$3,"")) | S5: =IF($B5="","",IF(OR($P5="",$Q5="",$R5="",$K5="",$M5=""),"",SUM($P5:$R5,$K5,$M5))) | T5: =IF(OR($B5="",$O5<>"Completed",$N5="",$S5=""),"",IFERROR($N5-$S5,"")) | U5: =IF(OR($B5="",$O5<>"Completed",$T5="",$N5=""),"",IFERROR($T5/$N5,"")) | V5: =IF($B5="","",IF($O5="Completed",IF(OR($N5="",$S5=""),"Review inputs",IF($U5="","Review revenue",IF($U5<Assumptions!$E$3,"Review margin",""))),""))
A6: 46218 | B6: JOB-26-002 | C6: CUST-002 | D6: Mowing | E6: Blue Heron Crew | F6: 52-inch mower | G6: 1.2 | H6: acres | I6: 2.4 | J6: 1.5 | K6: 0 | L6: 9 | M6: 0 | N6: 210 | O6: Completed | P6: =IF(OR($B6="",$E6="",$I6=""),"",IFERROR($I6*VLOOKUP($E6,Assumptions!$D$6:$E$105,2,FALSE),"")) | Q6: =IF(OR($B6="",$F6="",$J6=""),"",IFERROR($J6*VLOOKUP($F6,Assumptions!$G$6:$H$105,2,FALSE),"")) | R6: =IF(OR($B6="",$L6=""),"",IFERROR($L6*Assumptions!$B$3,"")) | S6: =IF($B6="","",IF(OR($P6="",$Q6="",$R6="",$K6="",$M6=""),"",SUM($P6:$R6,$K6,$M6))) | T6: =IF(OR($B6="",$O6<>"Completed",$N6="",$S6=""),"",IFERROR($N6-$S6,"")) | U6: =IF(OR($B6="",$O6<>"Completed",$T6="",$N6=""),"",IFERROR($T6/$N6,"")) | V6: =IF($B6="","",IF($O6="Completed",IF(OR($N6="",$S6=""),"Review inputs",IF($U6="","Review revenue",IF($U6<Assumptions!$E$3,"Review margin",""))),""))
A7: 46226 | B7: JOB-26-003 | C7: CUST-003 | D7: Shrub Pruning | E7: Cedar Lantern Crew | F7: Hedge trimmer | G7: 24 | H7: each | I7: 5 | J7: 3.5 | K7: 18 | L7: 11 | M7: 0 | N7: 480 | O7: Completed | P7: =IF(OR($B7="",$E7="",$I7=""),"",IFERROR($I7*VLOOKUP($E7,Assumptions!$D$6:$E$105,2,FALSE),"")) | Q7: =IF(OR($B7="",$F7="",$J7=""),"",IFERROR($J7*VLOOKUP($F7,Assumptions!$G$6:$H$105,2,FALSE),"")) | R7: =IF(OR($B7="",$L7=""),"",IFERROR($L7*Assumptions!$B$3,"")) | S7: =IF($B7="","",IF(OR($P7="",$Q7="",$R7="",$K7="",$M7=""),"",SUM($P7:$R7,$K7,$M7))) | T7: =IF(OR($B7="",$O7<>"Completed",$N7="",$S7=""),"",IFERROR($N7-$S7,"")) | U7: =IF(OR($B7="",$O7<>"Completed",$T7="",$N7=""),"",IFERROR($T7/$N7,"")) | V7: =IF($B7="","",IF($O7="Completed",IF(OR($N7="",$S7=""),"Review inputs",IF($U7="","Review revenue",IF($U7<Assumptions!$E$3,"Review margin",""))),""))
A8: 46233 | B8: JOB-26-004 | C8: CUST-004 | D8: Leaf Cleanup | E8: Stonepath Crew | F8: 52-inch mower | G8: 0.8 | H8: acres | I8: 6.5 | J8: 4 | K8: 22 | L8: 7 | M8: 15 | N8: 390 | O8: Completed | P8: =IF(OR($B8="",$E8="",$I8=""),"",IFERROR($I8*VLOOKUP($E8,Assumptions!$D$6:$E$105,2,FALSE),"")) | Q8: =IF(OR($B8="",$F8="",$J8=""),"",IFERROR($J8*VLOOKUP($F8,Assumptions!$G$6:$H$105,2,FALSE),"")) | R8: =IF(OR($B8="",$L8=""),"",IFERROR($L8*Assumptions!$B$3,"")) | S8: =IF($B8="","",IF(OR($P8="",$Q8="",$R8="",$K8="",$M8=""),"",SUM($P8:$R8,$K8,$M8))) | T8: =IF(OR($B8="",$O8<>"Completed",$N8="",$S8=""),"",IFERROR($N8-$S8,"")) | U8: =IF(OR($B8="",$O8<>"Completed",$T8="",$N8=""),"",IFERROR($T8/$N8,"")) | V8: =IF($B8="","",IF($O8="Completed",IF(OR($N8="",$S8=""),"Review inputs",IF($U8="","Review revenue",IF($U8<Assumptions!$E$3,"Review margin",""))),""))
A9: 46241 | B9: JOB-26-005 | C9: CUST-005 | D9: Seasonal Color Installation | E9: Juniper Crew | F9: None | G9: 300 | H9: square feet | I9: 9 | J9: 0 | K9: 390 | L9: 13 | M9: 20 | N9: 1120 | O9: Completed | P9: =IF(OR($B9="",$E9="",$I9=""),"",IFERROR($I9*VLOOKUP($E9,Assumptions!$D$6:$E$105,2,FALSE),"")) | Q9: =IF(OR($B9="",$F9="",$J9=""),"",IFERROR($J9*VLOOKUP($F9,Assumptions!$G$6:$H$105,2,FALSE),"")) | R9: =IF(OR($B9="",$L9=""),"",IFERROR($L9*Assumptions!$B$3,"")) | S9: =IF($B9="","",IF(OR($P9="",$Q9="",$R9="",$K9="",$M9=""),"",SUM($P9:$R9,$K9,$M9))) | T9: =IF(OR($B9="",$O9<>"Completed",$N9="",$S9=""),"",IFERROR($N9-$S9,"")) | U9: =IF(OR($B9="",$O9<>"Completed",$T9="",$N9=""),"",IFERROR($T9/$N9,"")) | V9: =IF($B9="","",IF($O9="Completed",IF(OR($N9="",$S9=""),"Review inputs",IF($U9="","Review revenue",IF($U9<Assumptions!$E$3,"Review margin",""))),""))
A10: 46249 | B10: JOB-26-006 | C10: CUST-006 | D10: Edging and Trimming | E10: Blue Heron Crew | F10: String trimmer | G10: 1900 | H10: linear feet | I10: 4.5 | J10: 3.5 | K10: 8 | L10: 16 | M10: 0 | N10: 390 | O10: Completed | P10: =IF(OR($B10="",$E10="",$I10=""),"",IFERROR($I10*VLOOKUP($E10,Assumptions!$D$6:$E$105,2,FALSE),"")) | Q10: =IF(OR($B10="",$F10="",$J10=""),"",IFERROR($J10*VLOOKUP($F10,Assumptions!$G$6:$H$105,2,FALSE),"")) | R10: =IF(OR($B10="",$L10=""),"",IFERROR($L10*Assumptions!$B$3,"")) | S10: =IF($B10="","",IF(OR($P10="",$Q10="",$R10="",$K10="",$M10=""),"",SUM($P10:$R10,$K10,$M10))) | T10: =IF(OR($B10="",$O10<>"Completed",$N10="",$S10=""),"",IFERROR($N10-$S10,"")) | U10: =IF(OR($B10="",$O10<>"Completed",$T10="",$N10=""),"",IFERROR($T10/$N10,"")) | V10: =IF($B10="","",IF($O10="Completed",IF(OR($N10="",$S10=""),"Review inputs",IF($U10="","Review revenue",IF($U10<Assumptions!$E$3,"Review margin",""))),""))
A11: 46257 | B11: JOB-26-007 | C11: CUST-007 | D11: Irrigation Check | E11: Cedar Lantern Crew | F11: None | G11: 1 | H11: each | I11: 2 | J11: 0 | K11: 12 | L11: 6 | M11: 0 | N11: 175 | O11: Completed | P11: =IF(OR($B11="",$E11="",$I11=""),"",IFERROR($I11*VLOOKUP($E11,Assumptions!$D$6:$E$105,2,FALSE),"")) | Q11: =IF(OR($B11="",$F11="",$J11=""),"",IFERROR($J11*VLOOKUP($F11,Assumptions!$G$6:$H$105,2,FALSE),"")) | R11: =IF(OR($B11="",$L11=""),"",IFERROR($L11*Assumptions!$B$3,"")) | S11: =IF($B11="","",IF(OR($P11="",$Q11="",$R11="",$K11="",$M11=""),"",SUM($P11:$R11,$K11,$M11))) | T11: =IF(OR($B11="",$O11<>"Completed",$N11="",$S11=""),"",IFERROR($N11-$S11,"")) | U11: =IF(OR($B11="",$O11<>"Completed",$T11="",$N11=""),"",IFERROR($T11/$N11,"")) | V11: =IF($B11="","",IF($O11="Completed",IF(OR($N11="",$S11=""),"Review inputs",IF($U11="","Review revenue",IF($U11<Assumptions!$E$3,"Review margin",""))),""))
A12: 46265 | B12: JOB-26-008 | C12: CUST-008 | D12: Bed Weeding | E12: Stonepath Crew | F12: None | G12: 3.5 | H12: hours | I12: 3.5 | J12: 0 | K12: 0 | L12: 10 | M12: 0 | N12: 0 | O12: Completed | P12: =IF(OR($B12="",$E12="",$I12=""),"",IFERROR($I12*VLOOKUP($E12,Assumptions!$D$6:$E$105,2,FALSE),"")) | Q12: =IF(OR($B12="",$F12="",$J12=""),"",IFERROR($J12*VLOOKUP($F12,Assumptions!$G$6:$H$105,2,FALSE),"")) | R12: =IF(OR($B12="",$L12=""),"",IFERROR($L12*Assumptions!$B$3,"")) | S12: =IF($B12="","",IF(OR($P12="",$Q12="",$R12="",$K12="",$M12=""),"",SUM($P12:$R12,$K12,$M12))) | T12: =IF(OR($B12="",$O12<>"Completed",$N12="",$S12=""),"",IFERROR($N12-$S12,"")) | U12: =IF(OR($B12="",$O12<>"Completed",$T12="",$N12=""),"",IFERROR($T12/$N12,"")) | V12: =IF($B12="","",IF($O12="Completed",IF(OR($N12="",$S12=""),"Review inputs",IF($U12="","Review revenue",IF($U12<Assumptions!$E$3,"Review margin",""))),""))
A13: 46283 | B13: JOB-26-009 | C13: CUST-002 | D13: Mowing | E13: Blue Heron Crew | F13: 52-inch mower | G13: 1.2 | H13: acres | I13: 2.5 | J13: 1.5 | K13: 0 | L13: 9 | M13: 0 | N13: 220 | O13: Scheduled | P13: =IF(OR($B13="",$E13="",$I13=""),"",IFERROR($I13*VLOOKUP($E13,Assumptions!$D$6:$E$105,2,FALSE),"")) | Q13: =IF(OR($B13="",$F13="",$J13=""),"",IFERROR($J13*VLOOKUP($F13,Assumptions!$G$6:$H$105,2,FALSE),"")) | R13: =IF(OR($B13="",$L13=""),"",IFERROR($L13*Assumptions!$B$3,"")) | S13: =IF($B13="","",IF(OR($P13="",$Q13="",$R13="",$K13="",$M13=""),"",SUM($P13:$R13,$K13,$M13))) | T13: =IF(OR($B13="",$O13<>"Completed",$N13="",$S13=""),"",IFERROR($N13-$S13,"")) | U13: =IF(OR($B13="",$O13<>"Completed",$T13="",$N13=""),"",IFERROR($T13/$N13,"")) | V13: =IF($B13="","",IF($O13="Completed",IF(OR($N13="",$S13=""),"Review inputs",IF($U13="","Review revenue",IF($U13<Assumptions!$E$3,"Review margin",""))),""))
A14: 46290 | B14: JOB-26-010 | C14: CUST-001 | D14: Shrub Pruning | E14: Juniper Crew | F14: Hedge trimmer | G14: 28 | H14: each | I14: 6 | J14: 4 | K14: 20 | L14: 14 | M14: 0 | N14: 560 | O14: Draft | P14: =IF(OR($B14="",$E14="",$I14=""),"",IFERROR($I14*VLOOKUP($E14,Assumptions!$D$6:$E$105,2,FALSE),"")) | Q14: =IF(OR($B14="",$F14="",$J14=""),"",IFERROR($J14*VLOOKUP($F14,Assumptions!$G$6:$H$105,2,FALSE),"")) | R14: =IF(OR($B14="",$L14=""),"",IFERROR($L14*Assumptions!$B$3,"")) | S14: =IF($B14="","",IF(OR($P14="",$Q14="",$R14="",$K14="",$M14=""),"",SUM($P14:$R14,$K14,$M14))) | T14: =IF(OR($B14="",$O14<>"Completed",$N14="",$S14=""),"",IFERROR($N14-$S14,"")) | U14: =IF(OR($B14="",$O14<>"Completed",$T14="",$N14=""),"",IFERROR($T14/$N14,"")) | V14: =IF($B14="","",IF($O14="Completed",IF(OR($N14="",$S14=""),"Review inputs",IF($U14="","Review revenue",IF($U14<Assumptions!$E$3,"Review margin",""))),""))
P15: =IF(OR($B15="",$E15="",$I15=""),"",IFERROR($I15*VLOOKUP($E15,Assumptions!$D$6:$E$105,2,FALSE),"")) | Q15: =IF(OR($B15="",$F15="",$J15=""),"",IFERROR($J15*VLOOKUP($F15,Assumptions!$G$6:$H$105,2,FALSE),"")) | R15: =IF(OR($B15="",$L15=""),"",IFERROR($L15*Assumptions!$B$3,"")) | S15: =IF($B15="","",IF(OR($P15="",$Q15="",$R15="",$K15="",$M15=""),"",SUM($P15:$R15,$K15,$M15))) | T15: =IF(OR($B15="",$O15<>"Completed",$N15="",$S15=""),"",IFERROR($N15-$S15,"")) | U15: =IF(OR($B15="",$O15<>"Completed",$T15="",$N15=""),"",IFERROR($T15/$N15,"")) | V15: =IF($B15="","",IF($O15="Completed",IF(OR($N15="",$S15=""),"Review inputs",IF($U15="","Review revenue",IF($U15<Assumptions!$E$3,"Review margin",""))),""))
P16: =IF(OR($B16="",$E16="",$I16=""),"",IFERROR($I16*VLOOKUP($E16,Assumptions!$D$6:$E$105,2,FALSE),"")) | Q16: =IF(OR($B16="",$F16="",$J16=""),"",IFERROR($J16*VLOOKUP($F16,Assumptions!$G$6:$H$105,2,FALSE),"")) | R16: =IF(OR($B16="",$L16=""),"",IFERROR($L16*Assumptions!$B$3,"")) | S16: =IF($B16="","",IF(OR($P16="",$Q16="",$R16="",$K16="",$M16=""),"",SUM($P16:$R16,$K16,$M16))) | T16: =IF(OR($B16="",$O16<>"Completed",$N16="",$S16=""),"",IFERROR($N16-$S16,"")) | U16: =IF(OR($B16="",$O16<>"Completed",$T16="",$N16=""),"",IFERROR($T16/$N16,"")) | V16: =IF($B16="","",IF($O16="Completed",IF(OR($N16="",$S16=""),"Review inputs",IF($U16="","Review revenue",IF($U16<Assumptions!$E$3,"Review margin",""))),""))
P17: =IF(OR($B17="",$E17="",$I17=""),"",IFERROR($I17*VLOOKUP($E17,Assumptions!$D$6:$E$105,2,FALSE),"")) | Q17: =IF(OR($B17="",$F17="",$J17=""),"",IFERROR($J17*VLOOKUP($F17,Assumptions!$G$6:$H$105,2,FALSE),"")) | R17: =IF(OR($B17="",$L17=""),"",IFERROR($L17*Assumptions!$B$3,"")) | S17: =IF($B17="","",IF(OR($P17="",$Q17="",$R17="",$K17="",$M17=""),"",SUM($P17:$R17,$K17,$M17))) | T17: =IF(OR($B17="",$O17<>"Completed",$N17="",$S17=""),"",IFERROR($N17-$S17,"")) | U17: =IF(OR($B17="",$O17<>"Completed",$T17="",$N17=""),"",IFERROR($T17/$N17,"")) | V17: =IF($B17="","",IF($O17="Completed",IF(OR($N17="",$S17=""),"Review inputs",IF($U17="","Review revenue",IF($U17<Assumptions!$E$3,"Review margin",""))),""))
P18: =IF(OR($B18="",$E18="",$I18=""),"",IFERROR($I18*VLOOKUP($E18,Assumptions!$D$6:$E$105,2,FALSE),"")) | Q18: =IF(OR($B18="",$F18="",$J18=""),"",IFERROR($J18*VLOOKUP($F18,Assumptions!$G$6:$H$105,2,FALSE),"")) | R18: =IF(OR($B18="",$L18=""),"",IFERROR($L18*Assumptions!$B$3,"")) | S18: =IF($B18="","",IF(OR($P18="",$Q18="",$R18="",$K18="",$M18=""),"",SUM($P18:$R18,$K18,$M18))) | T18: =IF(OR($B18="",$O18<>"Completed",$N18="",$S18=""),"",IFERROR($N18-$S18,"")) | U18: =IF(OR($B18="",$O18<>"Completed",$T18="",$N18=""),"",IFERROR($T18/$N18,"")) | V18: =IF($B18="","",IF($O18="Completed",IF(OR($N18="",$S18=""),"Review inputs",IF($U18="","Review revenue",IF($U18<Assumptions!$E$3,"Review margin",""))),""))
P19: =IF(OR($B19="",$E19="",$I19=""),"",IFERROR($I19*VLOOKUP($E19,Assumptions!$D$6:$E$105,2,FALSE),"")) | Q19: =IF(OR($B19="",$F19="",$J19=""),"",IFERROR($J19*VLOOKUP($F19,Assumptions!$G$6:$H$105,2,FALSE),"")) | R19: =IF(OR($B19="",$L19=""),"",IFERROR($L19*Assumptions!$B$3,"")) | S19: =IF($B19="","",IF(OR($P19="",$Q19="",$R19="",$K19="",$M19=""),"",SUM($P19:$R19,$K19,$M19))) | T19: =IF(OR($B19="",$O19<>"Completed",$N19="",$S19=""),"",IFERROR($N19-$S19,"")) | U19: =IF(OR($B19="",$O19<>"Completed",$T19="",$N19=""),"",IFERROR($T19/$N19,"")) | V19: =IF($B19="","",IF($O19="Completed",IF(OR($N19="",$S19=""),"Review inputs",IF($U19="","Review revenue",IF($U19<Assumptions!$E$3,"Review margin",""))),""))
P20: =IF(OR($B20="",$E20="",$I20=""),"",IFERROR($I20*VLOOKUP($E20,Assumptions!$D$6:$E$105,2,FALSE),"")) | Q20: =IF(OR($B20="",$F20="",$J20=""),"",IFERROR($J20*VLOOKUP($F20,Assumptions!$G$6:$H$105,2,FALSE),"")) | R20: =IF(OR($B20="",$L20=""),"",IFERROR($L20*Assumptions!$B$3,"")) | S20: =IF($B20="","",IF(OR($P20="",$Q20="",$R20="",$K20="",$M20=""),"",SUM($P20:$R20,$K20,$M20))) | T20: =IF(OR($B20="",$O20<>"Completed",$N20="",$S20=""),"",IFERROR($N20-$S20,"")) | U20: =IF(OR($B20="",$O20<>"Completed",$T20="",$N20=""),"",IFERROR($T20/$N20,"")) | V20: =IF($B20="","",IF($O20="Completed",IF(OR($N20="",$S20=""),"Review inputs",IF($U20="","Review revenue",IF($U20<Assumptions!$E$3,"Review margin",""))),""))
P21: =IF(OR($B21="",$E21="",$I21=""),"",IFERROR($I21*VLOOKUP($E21,Assumptions!$D$6:$E$105,2,FALSE),"")) | Q21: =IF(OR($B21="",$F21="",$J21=""),"",IFERROR($J21*VLOOKUP($F21,Assumptions!$G$6:$H$105,2,FALSE),"")) | R21: =IF(OR($B21="",$L21=""),"",IFERROR($L21*Assumptions!$B$3,"")) | S21: =IF($B21="","",IF(OR($P21="",$Q21="",$R21="",$K21="",$M21=""),"",SUM($P21:$R21,$K21,$M21))) | T21: =IF(OR($B21="",$O21<>"Completed",$N21="",$S21=""),"",IFERROR($N21-$S21,"")) | U21: =IF(OR($B21="",$O21<>"Completed",$T21="",$N21=""),"",IFERROR($T21/$N21,"")) | V21: =IF($B21="","",IF($O21="Completed",IF(OR($N21="",$S21=""),"Review inputs",IF($U21="","Review revenue",IF($U21<Assumptions!$E$3,"Review margin",""))),""))
P22: =IF(OR($B22="",$E22="",$I22=""),"",IFERROR($I22*VLOOKUP($E22,Assumptions!$D$6:$E$105,2,FALSE),"")) | Q22: =IF(OR($B22="",$F22="",$J22=""),"",IFERROR($J22*VLOOKUP($F22,Assumptions!$G$6:$H$105,2,FALSE),"")) | R22: =IF(OR($B22="",$L22=""),"",IFERROR($L22*Assumptions!$B$3,"")) | S22: =IF($B22="","",IF(OR($P22="",$Q22="",$R22="",$K22="",$M22=""),"",SUM($P22:$R22,$K22,$M22))) | T22: =IF(OR($B22="",$O22<>"Completed",$N22="",$S22=""),"",IFERROR($N22-$S22,"")) | U22: =IF(OR($B22="",$O22<>"Completed",$T22="",$N22=""),"",IFERROR($T22/$N22,"")) | V22: =IF($B22="","",IF($O22="Completed",IF(OR($N22="",$S22=""),"Review inputs",IF($U22="","Review revenue",IF($U22<Assumptions!$E$3,"Review margin",""))),""))
P23: =IF(OR($B23="",$E23="",$I23=""),"",IFERROR($I23*VLOOKUP($E23,Assumptions!$D$6:$E$105,2,FALSE),"")) | Q23: =IF(OR($B23="",$F23="",$J23=""),"",IFERROR($J23*VLOOKUP($F23,Assumptions!$G$6:$H$105,2,FALSE),"")) | R23: =IF(OR($B23="",$L23=""),"",IFERROR($L23*Assumptions!$B$3,"")) | S23: =IF($B23="","",IF(OR($P23="",$Q23="",$R23="",$K23="",$M23=""),"",SUM($P23:$R23,$K23,$M23))) | T23: =IF(OR($B23="",$O23<>"Completed",$N23="",$S23=""),"",IFERROR($N23-$S23,"")) | U23: =IF(OR($B23="",$O23<>"Completed",$T23="",$N23=""),"",IFERROR($T23/$N23,"")) | V23: =IF($B23="","",IF($O23="Completed",IF(OR($N23="",$S23=""),"Review inputs",IF($U23="","Review revenue",IF($U23<Assumptions!$E$3,"Review margin",""))),""))
P24: =IF(OR($B24="",$E24="",$I24=""),"",IFERROR($I24*VLOOKUP($E24,Assumptions!$D$6:$E$105,2,FALSE),"")) | Q24: =IF(OR($B24="",$F24="",$J24=""),"",IFERROR($J24*VLOOKUP($F24,Assumptions!$G$6:$H$105,2,FALSE),"")) | R24: =IF(OR($B24="",$L24=""),"",IFERROR($L24*Assumptions!$B$3,"")) | S24: =IF($B24="","",IF(OR($P24="",$Q24="",$R24="",$K24="",$M24=""),"",SUM($P24:$R24,$K24,$M24))) | T24: =IF(OR($B24="",$O24<>"Completed",$N24="",$S24=""),"",IFERROR($N24-$S24,"")) | U24: =IF(OR($B24="",$O24<>"Completed",$T24="",$N24=""),"",IFERROR($T24/$N24,"")) | V24: =IF($B24="","",IF($O24="Completed",IF(OR($N24="",$S24=""),"Review inputs",IF($U24="","Review revenue",IF($U24<Assumptions!$E$3,"Review margin",""))),""))
P25: =IF(OR($B25="",$E25="",$I25=""),"",IFERROR($I25*VLOOKUP($E25,Assumptions!$D$6:$E$105,2,FALSE),"")) | Q25: =IF(OR($B25="",$F25="",$J25=""),"",IFERROR($J25*VLOOKUP($F25,Assumptions!$G$6:$H$105,2,FALSE),"")) | R25: =IF(OR($B25="",$L25=""),"",IFERROR($L25*Assumptions!$B$3,"")) | S25: =IF($B25="","",IF(OR($P25="",$Q25="",$R25="",$K25="",$M25=""),"",SUM($P25:$R25,$K25,$M25))) | T25: =IF(OR($B25="",$O25<>"Completed",$N25="",$S25=""),"",IFERROR($N25-$S25,"")) | U25: =IF(OR($B25="",$O25<>"Completed",$T25="",$N25=""),"",IFERROR($T25/$N25,"")) | V25: =IF($B25="","",IF($O25="Completed",IF(OR($N25="",$S25=""),"Review inputs",IF($U25="","Review revenue",IF($U25<Assumptions!$E$3,"Review margin",""))),""))
P26: =IF(OR($B26="",$E26="",$I26=""),"",IFERROR($I26*VLOOKUP($E26,Assumptions!$D$6:$E$105,2,FALSE),"")) | Q26: =IF(OR($B26="",$F26="",$J26=""),"",IFERROR($J26*VLOOKUP($F26,Assumptions!$G$6:$H$105,2,FALSE),"")) | R26: =IF(OR($B26="",$L26=""),"",IFERROR($L26*Assumptions!$B$3,"")) | S26: =IF($B26="","",IF(OR($P26="",$Q26="",$R26="",$K26="",$M26=""),"",SUM($P26:$R26,$K26,$M26))) | T26: =IF(OR($B26="",$O26<>"Completed",$N26="",$S26=""),"",IFERROR($N26-$S26,"")) | U26: =IF(OR($B26="",$O26<>"Completed",$T26="",$N26=""),"",IFERROR($T26/$N26,"")) | V26: =IF($B26="","",IF($O26="Completed",IF(OR($N26="",$S26=""),"Review inputs",IF($U26="","Review revenue",IF($U26<Assumptions!$E$3,"Review margin",""))),""))
... P104: =IF(OR($B104="",$E104="",$I104=""),"",IFERROR($I104*VLOOKUP($E104,Assumptions!$D$6:$E$105,2,FALSE),"")) | Q104: =IF(OR($B104="",$F104="",$J104=""),"",IFERROR($J104*VLOOKUP($F104,Assumptions!$G$6:$H$105,2,FALSE),"")) | R104: =IF(OR($B104="",$L104=""),"",IFERROR($L104*Assumptions!$B$3,"")) | S104: =IF($B104="","",IF(OR($P104="",$Q104="",$R104="",$K104="",$M104=""),"",SUM($P104:$R104,$K104,$M104))) | T104: =IF(OR($B104="",$O104<>"Completed",$N104="",$S104=""),"",IFERROR($N104-$S104,"")) | U104: =IF(OR($B104="",$O104<>"Completed",$T104="",$N104=""),"",IFERROR($T104/$N104,"")) | V104: =IF($B104="","",IF($O104="Completed",IF(OR($N104="",$S104=""),"Review inputs",IF($U104="","Review revenue",IF($U104<Assumptions!$E$3,"Review margin",""))),""))

Sheet Customers
A1: Fictional Customer and Property List
A2: Edit yellow cells; Customer ID values should be unique and are used by the Service Log.
A4: Customer ID | B4: Customer Name | C4: Property | D4: Property Size (sq ft) | E4: Account Start Date | F4: Status
A5: CUST-001 | B5: Amber Kite Bakery (Fictional) | C5: Amber Kite Courtyard (Fictional) | D5: 28500 | E5: 45516 | F5: Active
A6: CUST-002 | B6: Blue Pebble Offices (Fictional) | C6: Blue Pebble Campus (Fictional) | D6: 52200 | E6: 45596 | F6: Active
A7: CUST-003 | B7: Cedar Fox Books (Fictional) | C7: Cedar Fox Garden (Fictional) | D7: 16400 | E7: 45686 | F7: Active
A8: CUST-004 | B8: Moonlit Acorn Cafe (Fictional) | C8: Moonlit Acorn Patio (Fictional) | D8: 33100 | E8: 45771 | F8: Active
A9: CUST-005 | B9: Painted Finch Studios (Fictional) | C9: Painted Finch Grounds (Fictional) | D9: 12400 | E9: 45846 | F9: Active
A10: CUST-006 | B10: Silver Thimble Market (Fictional) | C10: Silver Thimble Lawn (Fictional) | D10: 41600 | E10: 45926 | F10: Active
A11: CUST-007 | B11: Willow Lantern Workshop (Fictional) | C11: Willow Lantern Yard (Fictional) | D11: 19800 | E11: 46011 | F11: Active
A12: CUST-008 | B12: Copper Cloud Daycare (Fictional) | C12: Copper Cloud Play Yard (Fictional) | D12: 27600 | E12: 46096 | F12: Inactive

Sheet Assumptions
A1: Editable Profitability Assumptions
A2: Planning rates and dropdown choices are editable inputs; review them for your own operation before making decisions.
A3: Mileage cost per mile | B3: 0.72 | D3: Margin review threshold | E3: 0.25
A5: Service Type | B5: Default Unit | D5: Crew | E5: Loaded Labor Cost per Hour | G5: Equipment | H5: Operating Cost per Hour | J5: Job Status | L5: Customer Status | N5: Unit
A6: Mowing | B6: acres | D6: Juniper Crew | E6: 29 | G6: None | H6: 0 | J6: Completed | L6: Active | N6: square feet
A7: Edging and Trimming | B7: linear feet | D7: Blue Heron Crew | E7: 31 | G7: 36-inch mower | H7: 9.5 | J7: Scheduled | L7: Inactive | N7: acres
A8: Mulch Installation | B8: cubic yards | D8: Stonepath Crew | E8: 34 | G8: 52-inch mower | H8: 14 | J8: Draft | N8: linear feet
A9: Shrub Pruning | B9: each | D9: Cedar Lantern Crew | E9: 28 | G9: String trimmer | H9: 4 | J9: Canceled | N9: cubic yards
A10: Leaf Cleanup | B10: acres | G10: Hedge trimmer | H10: 5.5 | N10: hours
A11: Seasonal Color Installation | B11: square feet | G11: Compact loader | H11: 28 | N11: each
A12: Irrigation Check | B12: each
A13: Bed Weeding | B13: hours
